 Dungeon Crawl Stone Soup version 0.19.1-28-ge1247f7 (webtiles) character file.

203 Alarkh the Chopper (level 5, 0/41 HPs)
             Began as a Demonspawn Monk on Jan 21, 2017.
             Slain by a worker ant (6 damage)
             ... on level 4 of the Dungeon.
             The game lasted 00:02:35 (2408 turns).

Alarkh the Chopper (Demonspawn Monk)                Turns: 2408, Time: 00:02:36

Health: 0/41       AC:  2    Str: 11    XL:     5   Next: 51%
Magic:  5/5        EV: 18    Int: 13    God:
Gold:   191        SH:  0    Dex: 20    Spells: 0 memorised, 4 levels left

rFire  . . .     SeeInvis .     a - +4 hand axe (freeze)
rCold  . . .     Gourm    .     b - +0 robe
rNeg   . . .     Faith    .     (no shield)
rPois  .         Spirit   .     (helmet restricted)
rElec  .         Reflect  .     (no cloak)
rCorr  .         Harm     .     (no gloves)
MR     .....                    (no boots)
Stlth  +++.......               (no amulet)
                                (no ring)
                                (no ring)

@: agile
A: antennae 1, powered by pain 1
a: no special abilities


You were on level 4 of the Dungeon.
You were not hungry.

You visited 1 branch of the dungeon, and saw 4 of its levels.

You collected 191 gold pieces.

Inventory:

Hand Weapons
 a - a +4 hand axe of freezing (weapon)
 g - a +0 hand axe
Armour
 b - a +0 robe (worn)
Wands
 m - a wand of iceblast (4/15)
Scrolls
 e - a scroll of identify
 h - 2 scrolls of noise {unknown}
 j - a scroll of fog
 l - a scroll of enchant weapon {unknown}
 p - 2 scrolls of magic mapping {unknown}
 t - a scroll of immolation {unknown}
 u - a scroll of teleportation {unknown}
Potions
 f - a potion of mutation
 k - a potion of ambrosia
 n - a potion of magic
 o - a potion of agility
 q - a potion of haste
 s - a potion of invisibility {unknown}
Miscellaneous
 v - a sack of spiders
Comestibles
 c - 5 bread rations
 d - 2 royal jellies
 i - 3 meat rations
 r - 9 chunks of flesh


   Skills:
 - Level 3.0 Fighting
 + Level 5.7 Axes
 - Level 2.6 Dodging
 - Level 1.7 Stealth


You had 4 spell levels left.
You didn't know any spells.

Dungeon Overview and Level Annotations

Branches:
Dungeon (4/15)
 Temple: D:4-7

Altars:
Ashenzari

Annotations:
D:3 Alarkh's ghost, amateur DsMo


Innate Abilities, Weirdness & Mutations

You have a pair of small antennae on your head.
You sometimes gain a little power by taking damage.


Message History

The orc hits you but does no damage. The worker ant bites you.
* * * LOW HITPOINT WARNING * * *
Unknown command.
It was a potion of agility.
You feel agile all of a sudden. The orc misses you. The worker ant misses you.
The giant cockroach waves its antennae.
Found a stone staircase leading up.
You hit the worker ant. You freeze the worker ant.
The worker ant is almost dead.
The worker ant misses you.
You closely miss the worker ant.
The worker ant is almost dead.
You hit the orc. You freeze the orc.
You kill the orc!
The worker ant barely misses you. The worker ant closely misses you.
You barely miss the worker ant.
The worker ant is almost dead.
The worker ant bites you.
You die...

#.........รท#####...
#########..### ...
##...### ..#
###...## ...# ###..#
#.... ##.##..#
######.....#
#..$.......###.
#.....s@.......
#.....a######.<
#....)[# #......#
#....... #........
#.........
#..........
#........$..


You could see a worker ant and a giant cockroach.

Vanquished Creatures
  An orc priest (D:3)
  Ijyb (D:3)
  Terence (D:2)
  4 adders
  3 oozes
  2 worms
  A dart slug (D:1)
  2 leopard geckos
  7 orcs
  2 giant cockroaches
  14 goblins
  4 hobgoblins
  3 jackals (D:3)
  6 bats
  5 frilled lizards
  4 kobolds
  A rat (D:1)
61 creatures vanquished.

Notes
Turn   | Place    | Note
-------+----------+-------------------------------------------
     0 | D:1      | Alarkh the Demonspawn Monk began the quest for the Orb.
     0 | D:1      | Reached XP level 1. HP: 18/18 MP: 1/1
    58 | D:1      | Reached skill level 3 in Axes
    80 | D:1      | Found a shattered altar of Ashenzari.
   208 | D:1      | Gained mutation: You have a pair of small antennae on your head. [demonic ancestry]
   208 | D:1      | Reached XP level 2. HP: 23/24 MP: 2/2
   751 | D:2      | Gained mutation: You sometimes gain a little power by taking damage. [demonic ancestry]
   751 | D:2      | Reached XP level 3. HP: 22/29 MP: 3/3
   931 | D:2      | Reached skill level 4 in Axes
  1276 | D:2      | Noticed Terence
  1304 | D:2      | Killed Terence
  1304 | D:2      | Reached XP level 4. HP: 35/35 MP: 4/4
  1572 | D:3      | Noticed Alarkh's ghost (amateur DsMo)
  1876 | D:3      | Found a faded altar of an unknown god.
  2075 | D:3      | Noticed Ijyb
  2088 | D:3      | Killed Ijyb
  2088 | D:3      | Reached skill level 5 in Axes
  2267 | D:3      | Reached XP level 5. HP: 41/41 MP: 5/5
  2408 | D:4      | Slain by a worker ant

Skill      XL: |  1  2  3  4 |
---------------+-------------+-----
Axes           | 3 4 5 |  5.7
Fighting       | |  3.0
Dodging        | |  2.6
Stealth        | |  1.7

Action                   |  1- 3 |  4- 6 || total
-------------------------+-------+-------++-------
Melee: Hand axe          |   106 |    70 ||   176
  Use: Scroll            |     1 |     5 ||     6
       Potion            |     2 |     1 ||     3
 Stab: Sleeping          |     3 |     6 ||     9
       Distracted        |       |     1 ||     1
  Eat: Chunk             |     1 |     4 ||     5
Armor: Robe              |     8 |     4 ||    12
       Skin              |    17 |       ||    17
Dodge: Dodged            |    53 |    45 ||    98
